 Dungeon Crawl Stone Soup version 0.29-a0-559-g359e09b9d1 (webtiles) character file.

Game seed: 2959034716703588433

488 dolemite99 the Summoner (level 7, -4/36 (50) HPs)
             Began as a Meteoran Summoner on June 10, 2022.
             Was an Initiate of Makhleb.
             Slain by an iguana (11 damage)
             ... on level 6 of the Dungeon.
             The game lasted 00:08:21 (3102 turns).

dolemite99 the Summoner (Meteoran Summoner)         Turns: 3102, Time: 00:08:22

HP:   -4/36 (50)    AC:  9    Str:  9    XL:     7   Next: 63%
MP:   2/16          EV: 12    Int: 20    God:    Makhleb [......]
Gold: 163           SH:  0    Dex: 14    Spells: 8/17 levels left

rFire   . . .      SeeInvis .   o - +1 dagger
rCold   . . .      Faith    .   (no shield)
rNeg    . . .      Spirit   .   a - +0 robe
rPois   .          Reflect  .   (no helmet)
rElec   .          Harm     .   j - +2 cloak
rCorr   .          Rampage  .   (no gloves)
Will    .....                   (no boots)
Stlth   +.........              (no amulet)
HPRegen 0.12/turn               g - +4 ring of protection
MPRegen 0.15/turn               (no ring)

@: glowing, very heavily drained
A: sense surroundings 1, otherworldly, glowing, explore regen
a: Renounce Religion


You were on level 6 of the Dungeon.
You worshipped Makhleb.
Makhleb was noncommittal.
You visited 1 branch of the dungeon, and saw 6 of its levels.

You collected 163 gold pieces.

Inventory:

Hand Weapons
 m - a +0 hunting sling
 o - a +1 dagger (weapon)
 p - the +6 war axe of Governance {speed, *Slow rC+ rN+}
   (You found it on level 5 of the Dungeon)

   Attacks with this weapon are significantly faster.
   rC:        It protects you from cold.
   rN:        It protects you from negative energy.
   *Slow:     It may slow you when you take damage.
Missiles
 e - 3 javelins
 n - 5 poisoned darts
 v - 2 boomerangs
 w - 51 stones
Armour
 a - a +0 robe (worn)
 d - a +0 scale mail
 j - a +2 cloak (worn)
 r - a +0 kite shield
Jewellery
 g - a +4 ring of protection (left hand)
Wands
 h - a wand of mindburst (13)
Scrolls
 k - a scroll of fog
Potions
 b - a potion of magic
 c - 2 potions of haste
 f - a potion of cancellation
 i - a potion of heal wounds
 l - a potion of berserk rage
 q - a potion of flight
 s - 2 potions of lignification
 t - a potion of ambrosia {unknown}


   Skills:
 - Level 2.4 Dodging
 - Level 1.4 Stealth
 + Level 5.5 Spellcasting
 + Level 8.7 Summonings


You had 8 spell levels left.
You knew the following spells:

 Your Spells              Type           Power      Damage    Failure   Level
a - Summon Small Mammal   Summ           100%       N/A       1%          1
b - Call Imp              Summ           40%        N/A       1%          2
c - Call Canine Familiar  Summ           40%        N/A       1%          3
d - Summon Guardian Gole  Hex/Summ       23%        N/A       5%          3

Your spell library contained the following spells:

 Spells                   Type           Power      Damage    Failure   Level
 Summon Lightning Spire   Summ/Air       23%        N/A       19%         4


Dungeon Overview and Level Annotations

Branches:
Dungeon (6/15)             Temple (0/1) D:5

Altars:
Hepliaklqana
Makhleb
Okawaru
Xom
Zin
The Shining One

Shops:
D:4 (

Annotations:
D:4 1 runed translucent door, DocClef's ghost, amateur GnDe
D:5 Eustachio


Innate Abilities, Weirdness & Mutations

You passively map a small area around you.
You are easily found by Zot.
You glow in the dark.
You regain HP and MP as you explore.


Message History

The iguana barely misses your wolf.
Casting: Summon Small Mammal (safe; 1% risk of failure)
Confirm with . or Enter, or press ? or * to list all spells.
The iguana bites your wolf. x2
Your wolf barely misses the iguana.
The iguana bites your wolf.
Your wolf dies!
Your wolf's corpse disappears in a puff of smoke!
The jelly hits your quokka.
Your quokka is splashed with acid.
The acid corrodes your quokka!
Your quokka dies!
Your quokka's corpse disappears in a puff of smoke!
The howler monkey hoots and howls with incredible vigour!
You hear a shout!
You hear a croak.
Casting: Summon Small Mammal (safe; 1% risk of failure)
Confirm with . or Enter, or press ? or * to list all spells.
A shadowy apparition takes form in the air.
You feel yourself speed up. The iguana bites your quokka!
Your quokka dies!
Your quokka's corpse disappears in a puff of smoke!
The jelly barely misses you. The iguana bites your shadow imp!
Your shadow imp closely misses the iguana.
You barely miss the jelly. The jelly barely misses you.
A sky beast comes into view.
The iguana bites your shadow imp!
Your shadow imp dies!
Your shadow imp disappears in a puff of smoke!
You completely miss the jelly. The jelly hits you but does no damage.
You hit the iguana.
The iguana is almost dead.
The jelly hits you but does no damage. The iguana misses you.
You hit the jelly.
Your hands burn!
* * * LOW HITPOINT WARNING * * *
The jelly is lightly wounded.
The jelly hits you but does no damage. The iguana closely misses you.
You hit the iguana but do no damage.
The iguana is almost dead.
The howler monkey hoots and howls with incredible vigour!
The jelly misses you. The iguana bites you!
You die...

*, * * * ,
, * *** ,
, *
####### ,,
*#@lh..#,,
, ,
#J###.# **
#YW..<# *
,
#..##hW#,
*
...#.#..#
* , ..#
#.#?. ,
#.. ##.#.
* #.., .
.. *, * ,
# .. *


You could see a wraith, a sky beast, a howler monkey (catching breath), an
iguana and a jelly.

Vanquished Creatures
  A bullfrog (D:6)
  3 orcs
  A bat (D:1)
  An endoplasm (D:1)
  A giant cockroach (D:2)
  A quokka (D:2)
  2 frilled lizards (D:2)
  2 rats (D:2)
12 creatures vanquished.

Vanquished Creatures (collateral kills)
  An ogre (D:5)
  A phantom (D:5)
  A howler monkey (D:4)
  A jelly (D:4)
  An orc priest (D:5)
  2 iguanas (D:4)
  An adder (D:4)
  A worm (D:4)
  2 dart slugs
  4 orcs
  6 endoplasms
  3 giant cockroaches
  8 goblins
  5 hobgoblins
  3 kobolds
  A quokka (D:1)
  5 ball pythons
  3 bats
  4 frilled lizards
  4 rats
57 creatures vanquished.

Vanquished Creatures (others)
  An orc wizard (D:5)
  3 orcs (D:5)
  A quokka (D:5)
5 creatures vanquished.

Grand Total: 74 creatures vanquished

Notes
Turn   | Place    | Note
-------+----------+-------------------------------------------
     0 | D:1      | dolemite99 the Meteoran Summoner began the quest for the
                  | Orb.
     0 | D:1      | Reached XP level 1. HP: 14/14 MP: 5/5
    29 | D:1      | Reached skill level 5 in Summonings
   148 | D:1      | Reached XP level 2. HP: 13/20 MP: 4/6
   361 | D:1      | Reached XP level 3. HP: 16/26 MP: 5/8
   493 | D:1      | Glimpsed the power of Zot.
   521 | D:1      | Learned a level 2 spell: Call Imp
   525 | D:1      | Learned a level 3 spell: Call Canine Familiar
   553 | D:2      | Reached skill level 6 in Summonings
  1007 | D:2      | Reached XP level 4. HP: 33/33 MP: 9/9
  1094 | D:2      | Glimpsed the power of Zot.
  1128 | D:3      | Identified a scroll of acquirement
  1128 | D:3      | Acquired a +4 ring of protection
  1255 | D:3      | Found a hazy altar of Hepliaklqana.
  1694 | D:3      | Glimpsed the power of Zot.
  1792 | D:4      | Reached skill level 7 in Summonings
  1792 | D:4      | Reached XP level 5. HP: 35/38 MP: 4/10
  1799 | D:4      | Learned a level 3 spell: Summon Guardian Golem
  1850 | D:4      | Found a burning altar of Makhleb.
  1854 | D:4      | Noticed a cacodemon
  1855 | D:4      | Found a glowing silver altar of Zin.
  1856 | D:4      | Noticed an angel
  1920 | D:4      | Became a worshipper of Makhleb the Destroyer
  1944 | D:4      | Found a glowing golden altar of the Shining One.
  2033 | D:4      | Reached XP level 6. HP: 45/45 MP: 7/12
  2125 | D:4      | Found an iron altar of Okawaru.
  2295 | D:4      | Glimpsed the power of Zot.
  2345 | D:4      | Glimpsed the power of Zot.
  2373 | D:5      | Entered Level 5 of the Dungeon
  2373 | D:5      | Noticed Eustachio
  2373 | D:5      | Noticed an ogre
  2392 | D:4      | Learned a level 1 spell: Summon Small Mammal
  2435 | D:4      | Found Yprun's Weapon Shop.
  2657 | D:4      | Found a runed translucent door.
  2657 | D:4      | Noticed DocClef's ghost (amateur GnDe)
  2895 | D:5      | Glimpsed the power of Zot.
  2920 | D:5      | Found a shimmering altar of Xom.
  2920 | D:5      | Killed an ogre
  2921 | D:5      | Reached skill level 8 in Summonings
  2923 | D:5      | Reached XP level 7. HP: 25/50 MP: 7/14
  2938 | D:5      | Reached skill level 5 in Spellcasting
  2945 | D:5      | Glimpsed the power of Zot.
  2981 | D:5      | Found a staircase to the Ecumenical Temple.
  2985 | D:5      | Identified the +6 war axe of Governance {speed, *Slow rC+
                  | rN+}
  2985 | D:5      | Glimpsed the power of Zot.
  2994 | D:5      | Glimpsed the power of Zot.
  2995 | D:5      | Touched by the power of Zot.
  3075 | D:6      | Noticed a wraith
  3102 | D:6      | Slain by an iguana

Illustrated notes

Levels and vault maps discovered:
D:1:      ebering_hopf_link, layout_rooms
D:2:      layout_loops_ring, shapermc_ecumenical_altar_petra, minmay_bisected
D:3:      layout_basic, mainiacjoe_overflow_cross_hatched,
          minmay_misc_feat_ornament, hex_tiny
D:4:      layout_basic, grunt_temple_overflow_order_and_chaos_2,
          mainiacjoe_overflow_alcove_2, mainiacjoe_overflow_tiny_flanked,
          gammafunk_ghost_grave, serial_shops, nicolae_shop_bloodbath_and_beyond
D:5:      layout_basic, xom_redecorated, minmay_temple_entry_drinking_statues,
          uniq_eustachio
D:6:      layout_basic, lemuel_tele_altar, chequers_ossuary_entry_cave,
          minmay_manual_mess

Skill      XL: |  1  2  3  4  5  6  7 |
---------------+----------------------+-----
Summonings     | 5 6 7 8 |  8.7
Spellcasting   | 3 4 5 |  5.5
Dodging        | |  2.4
Stealth        | |  1.4

Action                   |  1- 3 |  4- 6 |  7- 9 || total
-------------------------+-------+-------+-------++-------
Melee: Unarmed           |     5 |       |       ||     5
       Dagger            |    21 |    21 |    17 ||    59
       Punch             |       |       |     1 ||     1
 Cast: Summon Small Mamm |    27 |    12 |    10 ||    49
       Call Imp          |     6 |    17 |     5 ||    28
       Call Canine Famil |       |    13 |     4 ||    17
       Summon Guardian G |       |     1 |       ||     1
Evoke: Wand              |       |       |     1 ||     1
  Use: Scroll            |     9 |     9 |       ||    18
       Potion            |       |     2 |       ||     2
 Stab: Distracted        |     1 |     1 |     1 ||     3
Armor: Robe              |    33 |    29 |    32 ||    94
Dodge: Dodged            |    52 |    26 |    24 ||   102

Table legend: (Time is in decaauts)
 A = Elapsed time spent in this place.
 B = Non-inter-level travel time spent in this place.
 C = Inter-level travel time spent in this place.
 D = Time resting spent in this place.
 E = Time spent auto-exploring this place.
 F = Levels seen in this place.
 G = Mean time per level.
                   A        B        C        D        E       F      G
               +--------+--------+--------+--------+--------+-----+--------+
         Total |   3111 |   2969 |    142 |    260 |   1727 |   6 |  518.5 |
       Dungeon |   3111 |   2969 |    142 |    260 |   1727 |   6 |  518.5 |
               +--------+--------+--------+--------+--------+-----+--------+

Top non-repeatable levels by time:
     D:4: 1169 daAuts
     D:3: 609 daAuts
     D:2: 585 daAuts
     D:1: 532 daAuts
     D:5: 183 daAuts
     D:6: 32 daAuts
